 Dungeon Crawl Stone Soup version 0.17-a0-1056-g838d5c0 (webtiles) character file.

1423 Sixotanaka the Basher (level 8, -3/78 HPs)
             Began as an Ogre Hunter on May 16, 2015.
             Was a Priest of Okawaru.
             Hit by a tomahawk of returning thrown by an orc (9 damage)
             ... on level 6 of the Dungeon.
             The game lasted 00:18:15 (6919 turns).

Sixotanaka the Basher (Ogre Hunter)                 Turns: 6919, Time: 00:18:15

Health: -3/78      AC:  4    Str: 19      XL:     8   Next: 72%
Magic:  11/11      EV:  9    Int: 10      God:    Okawaru [***...]
Gold:   291        SH:  0    Dex:  7 (11) Spells: 0 memorised, 7 levels left

rFire  . . .     SeeInvis .     a - +0 dire flail
rCold  . . .     Clarity  .     d - +0 robe
rNeg   . . .     SustAb   .     (no shield)
rPois  .         Gourm    .     (helmet restricted)
rElec  .         Spirit   .     (no cloak)
rCorr  .         Warding  .     (gloves unavailable)
rMut   .         Stasis   .     (boots unavailable)
MR     .....                    (no amulet)
Stlth  +.........               (no ring)
                                y - +1 ring of protection

@: not resistant to hostile enchantments, very unstealthy
A: unfitting armour, tough skin 1
a: Heroism, Renounce Religion


You were on level 6 of the Dungeon.
You worshipped Okawaru.
Okawaru was most pleased with you.
You were very hungry.

You visited 1 branch of the dungeon, and saw 6 of its levels.

You collected 291 gold pieces.


Innate Abilities, Weirdness & Mutations

You are too large for most types of armour.
You have tough skin (AC +1).


   Skills:
 - Level 4.1 Fighting
 + Level 11.4 Maces & Flails
 - Level 5.1 Throwing
 - Level 1.7 Dodging
 - Level 0.7 Stealth
 - Level 4.0 Invocations


You had 7 spell levels left.
You didn't know any spells.

Dungeon Overview and Level Annotations

Branches:
Dungeon (6/15)             Temple (0/1) D:4

Altars:
Elyvilon
Gozag
Okawaru
Trog

Annotations:
D:4 1 exclusion, Sigmund

Inventory:

Hand weapons
 a - a +0 dire flail (weapon)
 b - a +0 blowgun
 E - a +0 giant club
Missiles
 k - 347 stones (quivered)
 o - 2 poisoned tomahawks
 t - 2 tomahawks of returning
 u - 7 curare-tipped needles
 w - 37 poisoned needles
 C - 7 tomahawks
Armour
 d - a +0 robe (worn)
Jewellery
 y - a +1 ring of protection (left hand)
 F - an uncursed ring of flight {unknown}
 K - an uncursed amulet of resist mutation {unknown}
Magical devices
 n - a wand of random effects (29)
 J - a wand of confusion (31)
Scrolls
 g - 2 scrolls of magic mapping {unknown}
 i - a scroll of random uselessness {unknown}
 j - 4 scrolls of blinking {unknown}
 l - 5 scrolls of remove curse {unknown}
 v - 3 scrolls of teleportation {unknown}
 x - 3 scrolls of identify {unknown}
 G - a scroll of immolation {unknown}
 I - a scroll of enchant armour {unknown}
Potions
 c - a potion of cancellation {unknown}
 p - 2 potions of ambrosia {unknown}
 q - a potion of cure mutation {unknown}
 r - 2 potions of curing {unknown}
 A - a potion of flight {unknown}
 B - a potion of agility {unknown}
Comestibles
 e - 5 bread rations
 f - a meat ration
 m - 3 fruits
 s - 2 beef jerkies
 D - 2 slices of pizza

+#+###. ### ...(...
.....# ..........
.....#...........
.....#...........
....#...........
.....# #####.
#####....# #....
#.@)o...(######....
#.###...##....#....
#.# #...##....#....
#####.#
#.o.##....)....
#<..).#
#...##..)....##
#######
#...o...#....#
#.......#....#
###.....#....#
#.....#....#


You could see an orc.


Message History

You feel clumsy.
The quasit claws you but does no damage.
The orc hits you with a hand axe.
* * * LOW HITPOINT WARNING * * *
The giant frog zombie hits you!
* * * LOW HITPOINT WARNING * * *
The quasit barely misses you.
The quasit claws you but does no damage.
The quasit barely misses you.
You hear a distant slurping noise.
The giant frog zombie barely misses you.
There is an open door here.
The giant frog zombie closely misses you.
You puncture the giant frog zombie!
You destroy the giant frog zombie!
Okawaru accepts your kill.
You miss the quasit. The quasit bites you.
* * * LOW HITPOINT WARNING * * *
The quasit closely misses you. The quasit barely misses you.
You hit the quasit. The quasit barely misses you.
The quasit claws you but does no damage.
The quasit claws you.
* * * LOW HITPOINT WARNING * * *
You feel clumsy.
You are feeling very hungry.
You miss the quasit.
The quasit bites you but does no damage.
The quasit completely misses you. The quasit claws you.
* * * LOW HITPOINT WARNING * * *
You closely miss the quasit. You miss the quasit. The quasit bites you.
* * * LOW HITPOINT WARNING * * *
You feel clumsy.
The quasit claws you but does no damage.
The quasit closely misses you.
You barely miss the quasit. The quasit bites you.
* * * LOW HITPOINT WARNING * * *
The quasit closely misses you. The quasit misses you.
Aim: a quasit (moderately wounded)
You throw a large rock. The large rock hits the quasit!
The quasit bites you.
* * * LOW HITPOINT WARNING * * *
You feel clumsy. The quasit closely misses you. The quasit claws you.
* * * LOW HITPOINT WARNING * * *
The quasit barely misses you.
The quasit claws you but does no damage. x2
Aim: a quasit (almost dead)
You throw a large rock. The large rock hits the quasit!!
You kill the quasit!
Okawaru accepts your kill.
You hit the orc. The orc barely misses you.
You completely miss the orc. The orc hits you with a hand axe!
* * * LOW HITPOINT WARNING * * *
You hit the orc. You sock the orc!
You kill the orc!
Okawaru accepts your kill.
The orc throws a tomahawk of returning.
The tomahawk of returning hits you.
* * * LOW HITPOINT WARNING * * *
Aim: an orc You throw a throwing net.
The throwing net closely misses the orc.
The orc throws a tomahawk of returning.
The tomahawk of returning hits you.
* * * LOW HITPOINT WARNING * * *
Quiver which item? (- for none, * to show all) (? for menu, Esc to quit)
Quivering
z - a javelin for throwing.
Aim: an orc You throw a javelin.
The javelin hits the orc.
The orc throws a tomahawk of returning.
The tomahawk of returning hits you!
You die...

Action                   |  1- 3 |  4- 6 |  7- 9 || total
-------------------------+-------+-------+-------++-------
Melee: Short sword       |   138 |    30 |       ||   168
       Dire flail        |       |    31 |   240 ||   271
Throw: Large rock        |     7 |    13 |    14 ||    34
       Javelin           |     9 |     7 |     3 ||    19
       Throwing net      |     2 |       |     2 ||     4
       Stone             |    16 |    40 |    70 ||   126
       Tomahawk          |       |       |    48 ||    48
 Stab: Sleeping          |       |       |     2 ||     2
  Eat: Chunk             |     2 |     3 |    13 ||    18

Vault maps used:
D:1:      tarquinn_simple_flora_water_b
D:2:      kennysheep_cross_bottleneck, okawaru_altar_gauntlet_db
D:3:      lemuel_crystal_altar, grunt_gozag_breadcrumbs
D:4:      minmay_temple_entry_overgrown, first_bread, uniq_sigmund, uniq_edmund
D:5:      grunt_temple_overflow_open
D:6:      minmay_misc_feat_cross, minmay_misc_feat_nine_boxes

Notes
Turn   | Place    | Note
--------------------------------------------------------------
     0 | D:1      | Sixotanaka the Ogre Hunter began the quest for the Orb.
     0 | D:1      | Reached XP level 1. HP: 22/22 MP: 1/1
    24 | D:1      | Reached skill level 3 in Fighting
    29 | D:1      | Reached XP level 2. HP: 18/31 MP: 2/2
   638 | D:1      | Reached XP level 3. HP: 37/37 MP: 3/3
   651 | D:1      | Reached skill level 5 in Throwing
  1272 | D:2      | Reached skill level 4 in Fighting
  1280 | D:2      | Found an iron altar of Okawaru.
  1291 | D:2      | Became a worshipper of Warmaster Okawaru
  1500 | D:2      | Reached skill level 1 in Maces & Flails
  1500 | D:2      | Reached XP level 4. HP: 46/48 MP: 4/4
  1739 | D:2      | Reached skill level 2 in Maces & Flails
  1914 | D:2      | You fall through a shaft for 2 floors!
  1914 | D:4      | Found a staircase to the Ecumenical Temple.
  1922 | D:4      | Reached skill level 3 in Maces & Flails
  2039 | D:4      | Noticed Edmund
  2044 | D:4      | Killed Edmund
  2044 | D:4      | Acquired Okawaru's first power
  2044 | D:4      | Reached skill level 5 in Maces & Flails
  2044 | D:4      | Reached XP level 5. HP: 54/54 MP: 5/5
  2151 | D:4      | Noticed Sigmund
  2260 | D:4      | Reached XP level 6. HP: 55/62 MP: 6/6
  2279 | D:4      | Noticed miek's ghost (average HuIE)
  2289 | D:4      | Killed miek's ghost
  2289 | D:4      | Reached skill level 7 in Maces & Flails
  2401 | D:4      | Reached XP level 7. HP: 63/70 MP: 7/7
  2560 | D:4      | Reached skill level 8 in Maces & Flails
  3215 | D:5      | Entered Level 5 of the Dungeon
  3365 | D:3      | Found an opulent altar of Gozag.
  3439 | D:3      | Reached skill level 9 in Maces & Flails
  3781 | D:3      | Found a bloodstained altar of Trog.
  4025 | D:3      | Reached skill level 1 in Invocations
  4066 | D:3      | HP: 7/70 [orc priest/divine providence (15)]
  5329 | D:3      | Reached skill level 2 in Invocations
  5711 | D:3      | Reached XP level 8. HP: 67/78 MP: 9/9
  5917 | D:5      | Found an opulent altar of Gozag.
  5917 | D:5      | Found a white marble altar of Elyvilon.
  5956 | D:5      | Reached skill level 10 in Maces & Flails
  5956 | D:5      | Reached skill level 3 in Invocations
  6350 | D:5      | Reached skill level 4 in Invocations
  6892 | D:6      | Reached skill level 11 in Maces & Flails
  6912 | D:6      | HP: 19/78 [quasit (2)]
  6917 | D:6      | HP: 11/78 [orc/tomahawk of returning (1)]
  6918 | D:6      | HP: 5/78 [orc/tomahawk of returning (6)]
  6919 | D:6      | Hit by a tomahawk of returning thrown by an orc

Vanquished Creatures
  The ghost of miek the Chiller, an average HuIE (D:4)
  Edmund (D:4)
  An ogre (D:5)
  A sky beast (D:5)
  An orc warrior (D:6)
  A water moccasin zombie (D:5)
  A crimson imp (D:5)
  A centaur zombie (D:6)
  A quasit (D:6)
  A giant frog zombie (D:6)
  7 orc priests
  A hound (D:4)
  3 orc wizards
  An iguana (D:3)
  3 worker ants (D:4)
  A hound skeleton (D:4)
  A worker ant zombie (D:5)
  3 gnolls (D:5)
  6 adders
  6 worms
  5 giant geckos
  19 orcs
  2 ball pythons (D:2)
  10 bats
  A bat skeleton (D:4)
  21 goblins
  12 hobgoblins
  10 jackals
  A quokka (D:4)
  3 giant cockroaches
  A giant gecko skeleton (D:4)
  8 giant newts
  15 kobolds
  12 rats
162 creatures vanquished.
